 Dungeon Crawl Stone Soup version 0.21-a0-163-g3aa3f5d (webtiles) character file.

89383 4thArraOfDagon the Carver (level 16, -3/120 HPs)
             Began as a Human Earth Elementalist on Aug 5, 2017.
             Was a Priest of Qazlal.
             Killed from afar by a swamp dragon (21 damage)
             ... with a blast of poison
             ... on level 3 of the Swamp.
             The game lasted 01:43:58 (18473 turns).

4thArraOfDagon the Carver (HuEE)                   Turns: 18473, Time: 01:43:59

Health: -3/120     AC: 12    Str: 14    XL:     16   Next: 43%
Magic:  24/24      EV: 17    Int: 21    God:    Qazlal [***...]
Gold:   2242       SH:  4    Dex: 14    Spells: 10/25 levels left

rFire    . . .     SeeInvis .   j - +4 scimitar (flame)
rCold    . . .     Gourm    .   (no shield)
rNeg     . . .     Faith    .   M - +0 troll leather armour
rPois    .         Spirit   .   i - +1 hat
rElec    .         Reflect  .   (no cloak)
rCorr    .         Harm     +   R - +2 pair of gloves
MR       ++...                  C - +0 pair of boots
Stlth    +.........             W - amulet of harm
HPRegen  0.70/turn              a - +4 ring of strength
MPRegen  0.19/turn              k - ring of protection from magic

@: lethally poisoned (-3 -> -5)
A: no striking features
a: Upheaval, Elemental Force, Renounce Religion


You were on level 3 of the Swamp.
You worshipped Qazlal.
Qazlal was most pleased with you.
You were not hungry.

You visited 4 branches of the dungeon, and saw 24 of its levels.
You also visited: Ossuary, Ice Cave and Volcano.

You collected 2242 gold pieces.

Inventory:

Hand Weapons
 h - a +4 vampiric triple sword
 j - a +4 scimitar of flaming (weapon)
Missiles
 b - 141 stones (quivered)
Armour
 g - a +0 plate armour of magic resistance
 i - a +1 hat (worn)
 y - a +1 plate armour of fire resistance
 C - a +0 pair of boots (worn)
 M - a +0 troll leather armour (worn)
 R - a +2 pair of gloves (worn)
 V - a +2 shield of cold resistance
Magical Staves
 K - an uncursed staff of poison
Jewellery
 a - a +4 ring of strength (left hand)
 k - a ring of protection from magic (right hand)
 o - an uncursed ring of protection from fire
 p - an uncursed ring of protection from cold
 A - an uncursed ring of wizardry
 H - an uncursed ring of positive energy
 I - an uncursed ring of stealth {unknown}
 W - an amulet of harm (around neck)
 X - an uncursed ring of fire {unknown}
Wands
 L - a wand of flame (34/48)
 O - a wand of flame (17/48)
 Z - a wand of lightning (1/15)
Scrolls
 f - a scroll of identify
 r - 3 scrolls of recharging
 v - 2 scrolls of amnesia
 w - 10 scrolls of remove curse
 z - 3 scrolls of teleportation
 E - a scroll of blinking
 J - a scroll of torment
 Y - 2 scrolls of enchant armour
Potions
 c - a potion of lignification
 l - 3 potions of brilliance
 q - 5 potions of might
 s - a potion of magic
 t - 2 potions of cancellation
 u - a potion of berserk rage
 B - a potion of curing
 D - 4 potions of flight
 G - a potion of degeneration
 N - 6 potions of mutation
 S - a potion of agility
 T - 3 potions of resistance
 U - a potion of haste
Books
 x - a book of Necromancy

   Spells                             Type                      Level
   a - Pain                           Necromancy                   1
   b - Animate Skeleton               Necromancy                   1
   c - Vampiric Draining              Necromancy                   3
   d - Regeneration                   Charms/Necromancy            3
   e - Animate Dead                   Necromancy                   4
   f - Control Undead                 Necromancy                   4
Miscellaneous
 m - a sack of spiders
 P - a phial of floods (inert)
 Q - a crystal ball of energy
Comestibles
 d - 9 bread rations
 n - 6 meat rations
 F - 11 royal jellies


   Skills:
 - Level 9.0 Fighting
 * Level 14.8 Long Blades
 + Level 13.2 Armour
 - Level 9.0 Dodging
 - Level 2.0 Stealth
 - Level 5.4 Spellcasting
 - Level 1.0 Transmutations
 - Level 10.4 Earth Magic
 - Level 11.2 Invocations


You had 10 spell levels left.
You knew the following spells:

 Your Spells              Type           Power        Failure   Level  Hunger
a - Sandblast             Erth           #####.       1%          1    None
b - Lee's Rapid Deconstr  Erth           #####.....   4%          5    #####..
c - Stone Arrow           Conj/Erth      ####..       4%          3    ##.....
d - Passwall              Tmut/Erth      ####......   1%          2    None
e - Apportation           Tloc           #.....       12%         1    None
f - Animate Skeleton      Necr           N/A          12%         1    None
g - Blink                 Tloc           N/A          19%         2    None


Dungeon Overview and Level Annotations

Branches:
Dungeon (13/15)              Lair (6/6) D:8           Swamp (3/4) Lair:4
 Spider (0/4) Lair:4        Slime (0/5) Lair:6          Orc (2/2) D:9
    Elf (0/3) Orc:2
 Temple: D:4-7       Vaults: D:13-14

Altars:
Dithmenos
Hepliaklqana
Kikubaaqudgha
Makhleb
Nemelex Xobeh
Qazlal
Ru
Sif Muna
Trog
Vehumet
The Shining One
Beogh
Jiyva

Shops:
D:4 (   D:9 (   D:12 [   Orc:2 !(:}

Annotations:
Lair:2 foxtrotoscar's ghost, journeyman DsGl


Message History

The swamp dragon is heavily wounded.
Your water elemental closely misses the swamp dragon.
A slime creature comes into view.
Unknown command.
Unknown command.
You slash the swamp dragon! You burn the swamp dragon.
The swamp dragon is severely wounded.
The swamp dragon bites you.
* * * LOW HITPOINT WARNING * * *
The swamp dragon misses you.
The swamp dragon tramples you but does no damage.
Your water elemental barely misses the swamp dragon.
Unknown command.
Unknown command.
You hit the swamp dragon. You burn the swamp dragon.
The swamp dragon is severely wounded.
The swamp dragon breathes poison at you.
The blast of poison engulfs you!
You are poisoned.
You die...

♣♣♣♣♣♣♣ ♣≈@...♣♣
♣D≈≈≈≈.♣♣
♣E≈≈≈≈≈.♣♣
♣.≈≈≈≈≈≈≈.♣♣
...≈≈≈≈≈≈≈≈.♣
..≈≈≈≈.>≈≈≈≈†.♣
...≈≈≈≈≈J.≈≈§≈≈†♣♣
..≈≈≈≈≈≈..≈≈≈≈≈§.♣♣
.≈≈≈≈≈.≈..[..≈≈≈≈≈♣


You could see a swamp dragon, a slime creature and a friendly water elemental.

Vanquished Creatures
  A frost giant (IceCv)
  Fannar (D:11)
  5 hydras
  An anaconda (Swamp:1)
  4 two-headed ogres
  3 catoblepae
  2 centaur warriors (D:9)
  An alligator (Swamp:1)
  An orc high priest (Orc:2)
  3 ogre magi (Orc:2)
  5 death yaks (Lair:6)
  A fire crab (Volcano)
  3 swamp dragons
  A lindwurm (Volcano)
  An orc knight (D:9)
  8 orc sorcerers
  2 manticores (Lair:6)
  3 elephants (Lair:5)
  A cyclops (D:11)
  4 black mambas
  A torpor snail (Lair:4)
  An ice statue (IceCv)
  A gargoyle (D:12)
  17 spiny frogs
  4 rime drakes
  A centaur skeleton (D:11)
  5 komodo dragons
  A queen bee (Lair:1)
  10 polar bears
  7 trolls
  2 hornets (Swamp:1)
  4 bog bodies
  A slime creature (Swamp:2)
  8 dream sheep (Lair:6)
  16 blink frogs
  6 hippogriffs
  A spriggan (D:9)
  10 wyverns
  54 yaks
  A shadow (D:12)
  10 fire bats (Volcano)
  5 hogs (Lair:5)
  3 basilisks
  3 steam dragons
  A hungry ghost (D:11)
  14 swamp worms
  8 vampire mosquitoes
  A warg (D:9)
  3 insubstantial wisps (Swamp:1)
  14 water moccasins
  6 porcupines
  25 orc warriors
  3 ice beasts
  A swamp drake (Swamp:2)
  2 sky beasts
  2 black bears
  A necrophage (D:11)
  An eye of draining (D:3)
  A phantom (D:6)
  16 wolves
  4 centaurs
  5 crocodiles
  11 ogres
  A big kobold (D:8)
  A gnoll sergeant (D:7)
  17 bullfrogs
  A wyvern zombie (D:11)
  6 scorpions
  29 killer bees
  12 wights
  3 howler monkeys
  6 electric eels
  7 lava snakes (Volcano)
  4 bullfrog zombies
  2 crimson imps
  4 centaur zombies
  7 hounds
  15 orc priests
  3 jellies
  30 orc wizards
  5 bullfrog skeletons
  An iron imp (D:5)
  3 iguanas
  8 worker ants
  8 mummies (Ossuary)
  A worker ant zombie (D:9)
  10 gnolls
  A howler monkey skeleton (D:8)
  17 adders
  2 shadow imps
  2 adder zombies
  3 adder skeletons
  2 worms
  5 leopard geckos
  97 orcs
  9 bats
  5 giant cockroaches
  A gnoll zombie (Ossuary)
  5 goblins
  8 hobgoblins
  12 jackals
  12 kobolds
  6 quokkas
  5 ball pythons
  5 frilled lizards
  A giant cockroach zombie (D:6)
  4 hobgoblin zombies
  2 kobold skeletons (D:5)
  4 kobold zombies
  A leopard gecko skeleton (D:5)
  An orc skeleton (D:5)
  3 orc zombies
  6 rats
  A plant (Lair:4)
746 creatures vanquished.

Vanquished Creatures (collateral kills)
  Gastronok (D:11)
  Kirke (Lair:5)
  A thorn hunter (Swamp:1)
  The ghost of Slowdrip the Impaler, a journeyman MfGl of Zin (D:12)
  Louise (Swamp:1)
  The ghost of Kabaddi the Cleaver, a journeyman MiBe of Trog (Lair:1)
  An ogre mage (Orc:2)
  4 hydras
  Erica (D:11)
  A two-headed ogre (D:11)
  2 catoblepae (Lair:6)
  2 alligators (Swamp:1)
  A death yak (Lair:6)
  Nergalle (Orc:2)
  An ugly thing (D:11)
  3 elephants (Lair:5)
  A black mamba (Swamp:1)
  4 spiny frogs
  A tyrant leech (Swamp:3)
  5 polar bears (IceCv)
  A hippogriff (Lair:6)
  A wyvern (D:11)
  8 yaks
  2 vampire mosquitoes (Swamp:3)
  A water moccasin (Lair:2)
  A porcupine (Lair:3)
  A crocodile (Lair:2)
  2 wolves
  A bullfrog (Lair:3)
  An orc wizard (Orc:2)
  A worker ant zombie (D:11)
  An orc (Orc:2)
55 creatures vanquished.

Vanquished Creatures (others)
  A black mamba (Swamp:1)
  A slime creature (Swamp:2)
  A swamp drake (Swamp:2)
  4 jellies (D:8)
  A bush (Lair:4)
  8 fungi
  16 plants
32 creatures vanquished.

Grand Total: 833 creatures vanquished

Notes
Turn   | Place    | Note
-------+----------+-------------------------------------------
     0 | D:1      | 4thArraOfDagon the Human Earth Elementalist began the quest for the Orb.
     0 | D:1      | Reached XP level 1. HP: 13/13 MP: 3/3
   163 | D:1      | Reached XP level 2. HP: 19/19 MP: 1/5
   244 | D:2      | Reached XP level 3. HP: 14/24 MP: 0/6
   606 | D:2      | Reached XP level 4. HP: 17/30 MP: 0/7
   633 | D:4      | HP: 1/30 [poisoned by an adder]
   697 | D:4      | Reached skill level 5 in Earth Magic
   704 | D:4      | Noticed an ogre
   711 | D:4      | Killed an ogre
   711 | D:4      | Reached XP level 5. HP: 11/35 MP: 3/8
   728 | D:4      | Learned a level 5 spell: Lee's Rapid Deconstruction
   787 | D:4      | Found Zaggu's Weapon Boutique.
   831 | D:4      | Noticed an ogre
   848 | D:4      | Killed an ogre
   848 | D:4      | Reached XP level 6. HP: 12/41 MP: 4/9
   899 | D:4      | HP: 2/41 [poisoned by a worker ant]
   979 | D:5      | Entered Level 5 of the Dungeon
  1218 | D:5      | Noticed a sky beast
  1321 | D:7      | Reached XP level 7. HP: 32/46 MP: 5/10
  1418 | D:7      | Found a sparkling altar of Nemelex Xobeh.
  1418 | D:7      | Found a hazy altar of Hepliaklqana.
  1425 | D:7      | Found a faded altar of an unknown god.
  1427 | D:7      | Found a shadowy altar of Dithmenos.
  1444 | D:7      | Found a faded altar of an unknown god.
  1447 | D:7      | Became a worshipper of Qazlal Stormbringer
  1447 | D:7      | Reached * piety under Qazlal
  1448 | D:7      | :/
  1519 | D:7      | Found a sand-covered staircase.
  1524 | Ossuary  | Entered an ossuary
  1604 | Ossuary  | Learned a level 3 spell: Stone Arrow
  2160 | D:6      | Reached ** piety under Qazlal
  2198 | D:5      | Reached XP level 8. HP: 27/52 MP: 11/13
  2321 | D:5      | Found a deep blue altar of Sif Muna.
  2775 | D:2      | Found a burning altar of Makhleb.
  2959 | D:1      | Reached *** piety under Qazlal
  3644 | D:3      | Learned a level 2 spell: Passwall
  4003 | D:3      | Found a faded altar of an unknown god.
  4030 | D:3      | Found a bloodstained altar of Trog.
  4798 | D:5      | Found a glowing golden altar of the Shining One.
  4984 | D:5      | Reached XP level 9. HP: 51/57 MP: 8/16
  5090 | D:6      | Reached skill level 5 in Spellcasting
  5134 | D:6      | Reached skill level 10 in Earth Magic
  5148 | D:6      | Reached **** piety under Qazlal
  5636 | D:7      | Reached skill level 1 in Fighting
  5636 | D:7      | Reached skill level 1 in Invocations
  5743 | D:8      | Found a radiant altar of Vehumet.
  5772 | D:8      | Reached skill level 1 in Armour
  5813 | D:8      | Found a staircase to the Lair.
  5830 | D:8      | Found a viscous altar of Jiyva.
  6158 | D:8      | Noticed a hippogriff
  6172 | D:8      | Killed a hippogriff
  6188 | D:8      | Reached XP level 10. HP: 33/68 MP: 15/18
  6575 | D:8      | Reached skill level 5 in Invocations
  6814 | D:9      | Noticed a centaur warrior
  6836 | D:9      | Noticed a two-headed ogre
  6902 | D:9      | Reached ***** piety under Qazlal
  7141 | D:9      | Found Siucuram's Weapon Shoppe.
  7168 | D:9      | Noticed a centaur warrior
  7175 | D:9      | Killed a centaur warrior
  7285 | D:10     | Entered Level 10 of the Dungeon
  7313 | D:9      | Reached skill level 5 in Dodging
  7313 | D:9      | Reached XP level 11. HP: 78/78 MP: 9/19
  7498 | D:9      | Learned a level 1 spell: Apportation
  7500 | D:9      | Learned a level 1 spell: Animate Skeleton
  7545 | D:9      | Killed a two-headed ogre
  7545 | D:9      | Reached skill level 5 in Fighting
  7545 | D:9      | Reached skill level 5 in Armour
  7577 | D:9      | Noticed a seven-headed hydra
  7624 | D:9      | Killed a centaur warrior
  7752 | D:9      | Killed a seven-headed hydra
  7930 | D:9      | Found a staircase to the Orcish Mines.
  8051 | D:10     | Noticed a two-headed ogre
  8056 | D:10     | Killed a two-headed ogre
  8119 | D:11     | Noticed a cyclops
  8133 | D:11     | Killed a cyclops
  8134 | D:11     | Noticed Fannar
  8261 | D:11     | Noticed a two-headed ogre
  8270 | D:11     | Killed a two-headed ogre
  8351 | D:11     | Reached XP level 12. HP: 88/88 MP: 15/20
  8376 | D:11     | Reached skill level 10 in Invocations
  8405 | D:11     | Noticed Erica
  8409 | D:11     | Noticed a two-headed ogre
  8412 | D:11     | Killed a two-headed ogre
  8416 | D:11     | Killed Erica
  8460 | D:11     | Killed Fannar
  8531 | D:11     | Found a frozen archway.
  8554 | IceCv    | Entered an ice cave
  8964 | IceCv    | Noticed a frost giant
  8981 | IceCv    | Killed a frost giant
  9381 | IceCv    | Reached XP level 13. HP: 98/98 MP: 0/21
  9894 | D:11     | Noticed Gastronok
  9904 | D:11     | Killed Gastronok
 10171 | D:12     | Noticed Slowdrip's ghost (journeyman MfGl)
 10288 | D:12     | Reached skill level 1 in Long Blades
 10524 | D:12     | Found Piky's Antique Armour Boutique.
 10664 | D:12     | Killed Slowdrip's ghost
 10664 | D:12     | Reached skill level 2 in Long Blades
 10753 | Orc:1    | Entered Level 1 of the Orcish Mines
 10979 | D:9      | Reached skill level 3 in Long Blades
 11400 | Orc:2    | Entered Level 2 of the Orcish Mines
 11400 | Orc:2    | Found a staircase to the Elven Halls.
 11430 | Orc:1    | Reached skill level 4 in Long Blades
 12081 | Orc:2    | Reached skill level 5 in Long Blades
 12271 | Orc:2    | Found Kagrouxi's Antique Weapon Shoppe.
 12352 | Orc:2    | Found an ancient bone altar of Kikubaaqudgha.
 12353 | Orc:2    | Noticed Nergalle
 12367 | Orc:2    | Killed Nergalle
 12416 | Orc:2    | Reached skill level 6 in Long Blades
 12533 | Orc:2    | Found a roughly hewn altar of Beogh.
 12533 | Orc:2    | Found Kyerchigh's Gadget Shoppe.
 12598 | Orc:2    | Noticed an ogre mage
 12614 | Orc:2    | Killed an ogre mage
 12614 | Orc:2    | Reached skill level 10 in Armour
 12614 | Orc:2    | Reached XP level 14. HP: 107/108 MP: 8/22
 12640 | Orc:2    | Reached skill level 7 in Long Blades
 12720 | Orc:2    | Found a radiant altar of Vehumet.
 12737 | Orc:2    | Found Xixiceac's Distillery.
 12746 | Orc:2    | Found Nausm's Book Emporium.
 12936 | Lair:1   | Entered Level 1 of the Lair of Beasts
 12981 | Lair:1   | HP: 5/108 [poisoned by a black mamba]
 12987 | Lair:1   | HP: 4/108 [poisoned by a black mamba]
 12992 | Lair:1   | HP: 4/108 [poisoned by a black mamba]
 12997 | Lair:1   | HP: 5/108 [poisoned by a black mamba]
 13067 | Lair:1   | Found a sacrificial altar of Ru.
 13071 | Lair:1   | Noticed Kabaddi's ghost (journeyman MiBe)
 13094 | Lair:1   | Killed Kabaddi's ghost
 13291 | Lair:1   | Reached skill level 8 in Long Blades
 13798 | Lair:1   | Reached skill level 9 in Long Blades
 13954 | Lair:2   | Noticed foxtrotoscar's ghost (journeyman DsGl)
 14252 | Lair:3   | Reached skill level 10 in Long Blades
 14368 | Lair:3   | Found a dark tunnel.
 14384 | Volcano  | Entered a volcano
 14543 | Volcano  | Found a burning altar of Makhleb.
 14892 | Lair:4   | Reached skill level 11 in Long Blades
 15006 | Lair:4   | Reached XP level 15. HP: 77/113 MP: 23/23
 15142 | Lair:4   | Found a hole to the Spider Nest.
 15637 | Lair:5   | Noticed Kirke
 15652 | Lair:5   | Reached skill level 12 in Long Blades
 15653 | Lair:5   | Noticed a sphinx
 15733 | Lair:5   | Killed Kirke
 15903 | Lair:5   | Learned a level 2 spell: Blink
 15937 | Lair:6   | Entered Level 6 of the Lair of Beasts
 16349 | Lair:6   | Found a staircase to the Slime Pits.
 16446 | Lair:6   | Reached skill level 13 in Long Blades
 17260 | Lair:4   | Found a staircase to the Swamp.
 17274 | Swamp:1  | Entered Level 1 of the Swamp
 17302 | Lair:4   | Reached XP level 16. HP: 52/120 MP: 24/24
 17381 | Swamp:1  | Noticed Louise
 17396 | Swamp:1  | Killed Louise
 17574 | Swamp:1  | Noticed a thorn hunter
 17590 | Swamp:1  | Killed a thorn hunter
 17590 | Swamp:1  | Reached skill level 14 in Long Blades
 18473 | Swamp:3  | Killed from afar by a swamp dragon

Vault maps used:
D:1:      matt_arrival_diagonals
D:2:      marbit_many_paths
D:3:      first_bread, chequers_ecumenical_altar_twisty, trog_eyes_of_draining
D:4:      serial_shops, nicolae_shop_behind_doors, st_stairs_10
D:5:      nicolae_overflow_crystal_walls, roderic_lattice_a,
          nicolae_tso_besieged_by_evil
D:6:      roderic_curled_sauvastika
D:7:      cheibrodos_quashed, chequers_temple_overflow_minitemple,
          lemuel_temple_firewalk_b, nicolae_ossuary_entry_false_entrances
D:8:      fiery_altar_vehumet, lair_entry_dummy, jiyva_altar_1
D:9:      minmay_the_grid_3x2, hiddenorc1_lemuel, serial_shops, shop_fountains,
          the_bakery
D:11:     portal_ice_cave_entry_animals_and_master, kennysheep_generic_room_8,
          uniq_erica, uniq_gastronok, uniq_fannar
D:12:     serial_shops, kennysheep_little_box, hangedman_decor_lopped
D:13:     david_vaults_5, einodemon_armed_red_devil_minivault
Lair:1:   special_room, basic_altar, serial_bayou_shore_b
Lair:2:   minmay_lair_oklob_chamber
Lair:3:   enter_volcano_4, grunt_megastairs_3
Lair:4:   nicolae_swamp_entry_splash_gauntlet, nicolae_spider_entry_non_spiders,
          serial_forest, infiniplex_forest_straight_1,
          infiniplex_forest_lined_3, infiniplex_forest_lined_3,
          infiniplex_forest_corner_1, infiniplex_forest_end_3,
          infiniplex_forest_straight_2, infiniplex_forest_end_1,
          beast_lair_carwin_11
Lair:5:   serial_bayou_pond_b, serial_bayou_shore_a, uniq_kirke
Lair:6:   evilmike_catoblepas_cave, slime_dummy
Swamp:1:  evilmike_swamp_ruin_house_3, nicolae_swamp_snake_nest, uniq_louise
Swamp:2:  hangedman_swamp_ruin_wall, st_swamp_ruins_2
Swamp:3:  evilmike_swamp_ruin_wall
Orc:2:    kennysheep_orc_mage_school
Ossuary:  ossuary_tomb_3
IceCv:    ice_cave_small_giant
Volcano:  volcano_grotto

Skill      XL: |  1  2  3  4  5  6  7  8  9 10 11 12 13 14 15 16 |
---------------+-------------------------------------------------+-----
Earth Magic    | 4 6 7 8 9 10 | 10.4
Spellcasting   | 3 4 5 |  5.4
Fighting       | 2 4 6 7 9 |  9.0
Invocations    | 4 7 9 11 | 11.2
Armour         | 2 4 6 8 10 11 12 13 | 13.2
Dodging        | 3 5 6 8 9 |  9.0
Long Blades    | 6 11 13 14 | 14.8
Stealth        | |  2.0
Transmutations | |  1.0

Action                   |  1- 3 |  4- 6 |  7- 9 | 10-12 | 13-15 | 16-18 || total
-------------------------+-------+-------+-------+-------+-------+-------++-------
Melee: Unarmed           |     1 |       |       |       |       |       ||     1
       Dagger            |    26 |       |       |       |       |       ||    26
       Short sword       |     5 |    25 |    69 |       |       |       ||    99
       Great sword       |       |       |   168 |       |       |       ||   168
       Great mace        |       |       |    17 |   262 |    96 |       ||   375
       Scimitar          |       |       |       |       |   744 |   145 ||   889
Throw: Stone             |       |     1 |       |       |       |       ||     1
 Cast: Sandblast         |    31 |    26 |    98 |    85 |    96 |     9 ||   345
       Lee's Rapid Decon |       |       |    17 |    50 |    60 |     3 ||   130
       Stone Arrow       |       |       |     1 |       |       |       ||     1
       Animate Skeleton  |       |       |       |    19 |    60 |     8 ||    87
Invok: Elemental Force   |       |       |       |     8 |    20 |     7 ||    35
       Upheaval          |       |       |       |     1 |       |       ||     1
Evoke: Phial of floods   |       |       |       |     1 |       |     1 ||     2
  Use: Scroll            |     1 |     2 |     8 |     9 |    15 |     7 ||    42
       Potion            |       |     3 |     7 |     5 |       |     4 ||    19
 Stab: Sleeping          |     1 |       |       |       |       |       ||     1
       Invisible         |       |       |       |     1 |       |       ||     1
       Distracted        |       |       |       |       |     2 |     2 ||     4
       Petrified         |       |       |       |       |     1 |       ||     1
  Eat: Fruit             |       |     1 |    12 |       |       |     4 ||    17
       Chunk             |       |     1 |    10 |    15 |    36 |       ||    62
       Royal jelly       |       |       |     1 |     3 |     4 |     1 ||     9
       Bread ration      |       |       |       |     2 |     1 |       ||     3
Armor: Robe              |    10 |     6 |    55 |       |       |       ||    71
       Skin              |       |       |    39 |       |       |       ||    39
       Ring mail         |       |       |    17 |    91 |       |       ||   108
       Troll leather arm |       |       |       |    66 |   215 |    39 ||   320
Dodge: Dodged            |    32 |    21 |   203 |   362 |   759 |   112 ||  1489
       Deflected         |       |       |     3 |     8 |    10 |       ||    21
Block: Other             |       |       |    51 |   172 |   242 |    20 ||   485
       Rpst.: Great sword |       |       |    39 |       |       |       ||    39
       Scimitar          |       |       |       |       |   200 |    27 ||   227
